 Dungeon Crawl Stone Soup version 0.27-a0-242-ge0fc76b88b (webtiles) character file.

Game seed: 6815728913651107457

11 knot the Chopper (level 2, 12/24 HPs)
             Began as a Demonspawn Berserker on Feb 2, 2021.
             Was a Follower of Trog.
             Quit the game on level 1 of the Dungeon.
             The game lasted 00:00:37 (364 turns).

knot the Chopper (Demonspawn Berserker)              Turns: 364, Time: 00:00:38

Health: 12/24      AC:  2    Str: 17    XL:     2   Next: 13%
Magic:  2/2        EV: 12    Int:  8    God:    Trog [*.....]
Gold:   37         SH:  0    Dex: 12    Spells: 1/1 levels left

rFire    . . .     SeeInvis .   a - +0 hand axe
rCold    . . .     Faith    .   (no shield)
rNeg     . . .     Spirit   .   b - +0 animal skin
rPois    .         Reflect  .   (no helmet)
rElec    .         Harm     .   (no cloak)
rCorr    .         Rampage  .   (no gloves)
Will     .....                  (no boots)
Stlth    +.........             (no amulet)
HPRegen  0.08/turn              (no ring)
MPRegen  0.08/turn              (no ring)

@: no status effects
A: demonic guardian 1
a: Renounce Religion, Berserk


You were on level 1 of the Dungeon.
You worshipped Trog.
Trog was aware of your devotion.
You visited 1 branch of the dungeon, and saw 1 of its levels.

You collected 37 gold pieces.

Inventory:

Hand Weapons
 a - a +0 hand axe (weapon)
Missiles
 e - 30 stones
Armour
 b - a +0 animal skin (worn)
Jewellery
 i - an uncursed ring of ice
Scrolls
 c - a scroll of remove curse {unknown}
 f - 2 scrolls of fear {unknown}
 j - a scroll of teleportation {unknown}
 l - a scroll of magic mapping {unknown}
Potions
 d - a potion of mutation {unknown}
 g - a potion of heal wounds {unknown}
 h - 2 potions of degeneration {unknown}
 k - a potion of magic {unknown}


   Skills:
 - Level 3.0 Fighting
 + Level 3.3 Axes
 - Level 1.7 Armour
 - Level 1.7 Dodging


You had one spell level left.
You didn't know any spells.
Your spell library was empty.

Dungeon Overview and Level Annotations

Branches:
Dungeon (1/15)

Altars:


Innate Abilities, Weirdness & Mutations

A weak demonic guardian rushes to your aid.


Message History

The ooze is lightly wounded.
The ooze hits you.
You slash the ooze!
The ooze is almost dead.
The ooze hits you but does no damage.
You hit the ooze.
The ooze is almost dead.
The ooze hits you. The ooze hits you but does no damage.
You are too injured to fight recklessly!
You are too injured to fight recklessly!
You are too injured to fight recklessly!
You are too injured to fight recklessly!
You are too injured to fight recklessly!
You hit the ooze.
You kill the ooze!
Trog accepts your kill.
You have reached level 2!
Your demonic ancestry asserts itself...
You feel the presence of a demonic guardian.
Are you sure you want to abandon this character and quit the game? (Confirm with "yes".)

########## #.......?#
#........# #........# ###
##........# #####..
###.?.......# #......
##.....@.....♣♣♣ #.###..
##..##.....♣♣♣♣8♣♣♣♣#....
####..##.....♣♣.......♣♣....
####........#..♣♣.♣♣♣♣♣♣♣.♣♣...
#........)##..♣♣.♣♣.....♣♣.♣♣..
..............♣.♣♣..♣♣♣♣.♣♣.♣..
...##.......♣.♣.♣♣...♣♣.♣.♣..
#.###..♣♣[♣.♣8.♣♣.♣.♣.♣♣. ##.#
##.♣8.♣.♣♣.8♣.♣.♣.8♣.


There were no monsters in sight!

Vanquished Creatures
  An ooze (D:1)
  2 bats (D:1)
  A hobgoblin (D:1)
  A ball python (D:1)
  2 kobolds (D:1)
7 creatures vanquished.

Notes
Turn   | Place    | Note
-------+----------+-------------------------------------------
     0 | D:1      | knot the Demonspawn Berserker began the quest for the Orb.
     0 | D:1      | Reached XP level 1. HP: 18/18 MP: 1/1
   364 | D:1      | Gained mutation: A weak demonic guardian rushes to your
                  | aid. [demonic ancestry]
   364 | D:1      | Reached XP level 2. HP: 12/24 MP: 2/2
   364 | D:1      | Quit the game

Illustrated notes

Levels and vault maps discovered:
D:1:      nagdon_arrival_double_spiral, layout_rooms

Skill      XL: |  1 |
---------------+----+-----
Axes           | 3 |  3.3
Fighting       | |  3.0
Armour         | |  1.7
Dodging        | |  1.7

Action                   || total
-------------------------++-------
Melee: Hand axe          ||    24
Armor: Animal skin       ||     8
Dodge: Dodged            ||    23

Table legend: (Time is in decaauts)
 A = Elapsed time spent in this place.
 B = Non-inter-level travel time spent in this place.
 C = Inter-level travel time spent in this place.
 D = Time resting spent in this place.
 E = Time spent auto-exploring this place.
 F = Levels seen in this place.
 G = Mean time per level.
                   A        B        C        D        E       F      G
               +--------+--------+--------+--------+--------+-----+--------+
         Total |    367 |    367 |      0 |      0 |    299 |   1 |  367.0 |
       Dungeon |    367 |    367 |      0 |      0 |    299 |   1 |  367.0 |
               +--------+--------+--------+--------+--------+-----+--------+

Top non-repeatable levels by time:
     D:1: 367 daAuts
